| TOP OF THE 1ST |
|
Pittsburgh Pirates batting - Pitching for San Diego Padres : RHP Raymond Prince
|
|
Pitching: RHP Raymond Prince
|
|
|
Batting: RHB Dan Gladden
|
0-0: Ball 1-0: Ground out 1-3 (Groundball, 15S, EV 70.0 MPH)
|
|
Batting: SHB Chili Davis
|
0-0: Foul Ball, location: 2F 0-1: Swinging Strike 0-2: Foul Ball, location: 2F 0-2: Ball 1-2: Strikes out swinging
|
|
Batting: RHB Rennie Stennett
|
0-0: Fly out, F7 (Flyball, 78S, EV 88.8 MPH)
|
| Top of the 1st over - 0 runs, 0 hits, 0 errors, 0 left on base; Pittsburgh 0 - San Diego 0 |
| BOTTOM OF THE 1ST |
|
San Diego Padres batting - Pitching for Pittsburgh Pirates : RHP Rafael Santana
|
|
Pitching: RHP Rafael Santana
|
|
|
Batting: RHB Bob Dernier
|
0-0: Ball 1-0: Ball 2-0: Ball 3-0: Base on Balls
|
|
Batting: RHB Joel Youngblood
|
0-0: Ball Wild Pitch! Bob Dernier to second 1-0: Foul Ball, location: 2F 1-1: Fly out, F5 (Popup, 25, EV 83.8 MPH)
|
|
Batting: RHB Dennis Dungy
|
0-0: Ground out 6-3 (Groundball, 56D, EV 80.0 MPH)
|
|
Batting: RHB Kelvin Moore
|
0-0: Ball 1-0: Swinging Strike 1-1: Swinging Strike 1-2: Ball 2-2: Strikes out swinging
|
| Bottom of the 1st over - 0 runs, 0 hits, 0 errors, 1 left on base; Pittsburgh 0 - San Diego 0 |
| TOP OF THE 2ND |
|
Pittsburgh Pirates batting - Pitching for San Diego Padres : RHP Raymond Prince
|
|
Batting: LHB Robert Lopez
|
0-0: Ball 1-0: Fly out, F8 (Flyball, 78XD, EV 102.5 MPH)
|
|
Batting: LHB Greg Walker
|
0-0: Ball 1-0: Ball 2-0: Ball 3-0: Called Strike 3-1: Fly out, F6 (Popup, 15S, EV 81.3 MPH)
|
|
Batting: RHB Mike C Brown
|
0-0: Fly out, F8 (Line Drive, 8RD, EV 93.1 MPH)
|
| Top of the 2nd over - 0 runs, 0 hits, 0 errors, 0 left on base; Pittsburgh 0 - San Diego 0 |
| BOTTOM OF THE 2ND |
|
San Diego Padres batting - Pitching for Pittsburgh Pirates : RHP Rafael Santana
|
|
Batting: LHB Jerry McDonald
|
0-0: Ball 1-0: Ground out 4-3 (Groundball, 4, EV 87.5 MPH)
|
|
Batting: RHB Heriberto Soltero
|
0-0: Fly out, F7 (Flyball, 7D, EV 86.3 MPH)
|
|
Batting: LHB Darrell Porter
|
0-0: Ball 1-0: Ball 2-0: Ground out U3 (Groundball, 3L, EV 82.5 MPH)
|
| Bottom of the 2nd over - 0 runs, 0 hits, 0 errors, 0 left on base; Pittsburgh 0 - San Diego 0 |
| TOP OF THE 3RD |
|
Pittsburgh Pirates batting - Pitching for San Diego Padres : RHP Raymond Prince
|
|
Batting: SHB John Shelby
|
0-0: Fly out, F5 (Line Drive, 5, EV 71.9 MPH)
|
|
Batting: SHB Ron Oester
|
0-0: Foul Ball, location: 2F 0-1: SINGLE (Line Drive, 7S, EV 112.5 MPH)
|
|
Batting: RHB Rafael Santana
|
0-0: Called Strike 0-1: Ball 1-1: Ground out 4-3 (Groundball, 4M, EV 93.1 MPH) Ron Oester to second
|
|
Batting: RHB Dan Gladden
|
0-0: Swinging Strike 0-1: Ball 1-1: Foul Ball, location: 2F 1-2: Fly out, F8 (Flyball, 89D, EV 82.5 MPH)
|
| Top of the 3rd over - 0 runs, 1 hit, 0 errors, 1 left on base; Pittsburgh 0 - San Diego 0 |
| BOTTOM OF THE 3RD |
|
San Diego Padres batting - Pitching for Pittsburgh Pirates : RHP Rafael Santana
|
|
Batting: LHB Jeffrey Zitek
|
0-0: Ball 1-0: Foul Ball, location: 2F 1-1: Ground out 4-3 (Groundball, 4, EV 111.9 MPH)
|
|
Batting: RHB Raymond Prince
|
0-0: Foul Ball, location: 2F 0-1: Ball 1-1: Swinging Strike 1-2: Ball 2-2: Strikes out looking
|
|
Batting: RHB Bob Dernier
|
0-0: Foul Ball, location: 2F 0-1: Ball 1-1: SINGLE (Flyball, 4MD, EV 92.5 MPH)
|
|
Batting: RHB Joel Youngblood
|
0-0: Foul Ball, location: 2F 0-1: Called Strike 0-2: Ball Bob Dernier steals 2nd base 1-2: Fly out, F9 (Flyball, 9D, EV 90.6 MPH)
|
| Bottom of the 3rd over - 0 runs, 1 hit, 0 errors, 1 left on base; Pittsburgh 0 - San Diego 0 |
| TOP OF THE 4TH |
|
Pittsburgh Pirates batting - Pitching for San Diego Padres : RHP Raymond Prince
|
|
Batting: SHB Chili Davis
|
0-0: Ball 1-0: Ball 2-0: Ball 3-0: Base on Balls
|
|
Batting: RHB Rennie Stennett
|
0-0: Ball 1-0: Ball 2-0: Foul Ball, location: 2F 2-1: Swinging Strike 2-2: Grounds into double play, 4-6-3 (Groundball, 4, EV 108.1 MPH)
|
|
Batting: LHB Robert Lopez
|
0-0: Fly out, F5 (Line Drive, 56, EV 110.0 MPH)
|
| Top of the 4th over - 0 runs, 0 hits, 0 errors, 0 left on base; Pittsburgh 0 - San Diego 0 |
| BOTTOM OF THE 4TH |
|
San Diego Padres batting - Pitching for Pittsburgh Pirates : RHP Rafael Santana
|
|
Batting: RHB Dennis Dungy
|
0-0: Ball 1-0: Ground out 4-3 (Groundball, 4, EV 89.4 MPH)
|
|
Batting: RHB Kelvin Moore
|
0-0: Ball 1-0: Swinging Strike 1-1: SINGLE (Groundball, 56, EV 106.9 MPH) (infield hit)
|
|
Batting: LHB Jerry McDonald
|
0-0: Called Strike 0-1: Foul Ball, location: 2F 0-2: Foul Ball, location: 2F 0-2: Ball 1-2: Ball 2-2: Fielders Choice at 2nd, 4-6 (Groundball, 4, EV 85.0 MPH)
|
|
Batting: RHB Heriberto Soltero
|
0-0: Ball Jerry McDonald steals 2nd base (no throw) 1-0: Fly out, F8 (Line Drive, 8LD, EV 91.9 MPH)
|
| Bottom of the 4th over - 0 runs, 1 hit, 0 errors, 1 left on base; Pittsburgh 0 - San Diego 0 |
| TOP OF THE 5TH |
|
Pittsburgh Pirates batting - Pitching for San Diego Padres : RHP Raymond Prince
|
|
Batting: LHB Greg Walker
|
0-0: Ball 1-0: Swinging Strike 1-1: Ball 2-1: Fly out, F5 (Popup, 25F, EV 87.5 MPH)
|
|
Batting: RHB Mike C Brown
|
0-0: Ball 1-0: Ball 2-0: Called Strike 2-1: Ball 3-1: Swinging Strike 3-2: Strikes out looking
|
|
Batting: SHB John Shelby
|
0-0: Called Strike 0-1: SINGLE (Line Drive, 8LS, EV 98.8 MPH)
|
|
Batting: SHB Ron Oester
|
0-0: Called Strike 0-1: Ball 1-1: Ball 2-1: Swinging Strike 2-2: Ball 3-2: Foul Ball, location: 2F 3-2: Fly out, F8 (Flyball, 8LD, EV 88.1 MPH)
|
| Top of the 5th over - 0 runs, 1 hit, 0 errors, 1 left on base; Pittsburgh 0 - San Diego 0 |
| BOTTOM OF THE 5TH |
|
San Diego Padres batting - Pitching for Pittsburgh Pirates : RHP Rafael Santana
|
|
Batting: LHB Darrell Porter
|
0-0: Called Strike 0-1: Fly out, F7 (Flyball, 7D, EV 90.0 MPH)
|
|
Batting: LHB Jeffrey Zitek
|
0-0: Ball 1-0: Ball 2-0: Ball 3-0: Base on Balls
|
|
Batting: RHB Raymond Prince
|
0-0: Called Strike 0-1: Bunt missed! 0-2: Ball 1-2: Bunted foul, Strikeout!
|
|
Batting: RHB Bob Dernier
|
0-0: Ball Jeffrey Zitek is caught stealing 2nd base 2-4
|
| Bottom of the 5th over - 0 runs, 0 hits, 0 errors, 0 left on base; Pittsburgh 0 - San Diego 0 |
| TOP OF THE 6TH |
|
Pittsburgh Pirates batting - Pitching for San Diego Padres : RHP Raymond Prince
|
|
Batting: RHB Rafael Santana
|
0-0: Called Strike 0-1: Ground out 6-3 (Groundball, 6, EV 81.9 MPH)
|
|
Batting: RHB Dan Gladden
|
0-0: Called Strike 0-1: Ball 1-1: Swinging Strike 1-2: SOLO HOME RUN (Flyball, 9D, EV 106.9 MPH), Distance : 378 ft
|
|
Batting: SHB Chili Davis
|
0-0: Ball 1-0: Called Strike 1-1: Ball 2-1: Fly out, F7 (Flyball, 7, EV 95.0 MPH)
|
|
Batting: RHB Rennie Stennett
|
0-0: Ball 1-0: Fly out, F8 (Flyball, 89XD, EV 105.0 MPH)
|
| Top of the 6th over - 1 run, 1 hit, 0 errors, 0 left on base; Pittsburgh 1 - San Diego 0 |
| BOTTOM OF THE 6TH |
|
San Diego Padres batting - Pitching for Pittsburgh Pirates : RHP Rafael Santana
|
|
Batting: RHB Bob Dernier
|
0-0: Ball 1-0: SINGLE (Line Drive, 4D, EV 96.3 MPH)
|
|
Batting: RHB Joel Youngblood
|
0-0: Foul Ball, location: 2F 0-1: 2-RUN HOME RUN (Flyball, 78XD, EV 98.1 MPH), Distance : 403 ft
|
|
Batting: RHB Dennis Dungy
|
0-0: Ball 1-0: Ball 2-0: Called Strike 2-1: Ball 3-1: SOLO HOME RUN (Flyball, 7D, EV 103.1 MPH), Distance : 372 ft
|
|
Batting: RHB Kelvin Moore
|
0-0: Called Strike 0-1: Ball 1-1: Ball 2-1: Swinging Strike 2-2: Strikes out swinging
|
|
Batting: LHB Jerry McDonald
|
0-0: Swinging Strike 0-1: Ball 1-1: Ball 2-1: Fly out, F4 (Flyball, 34D, EV 76.3 MPH)
|
|
Batting: RHB Heriberto Soltero
|
0-0: Ball 1-0: Foul Ball, location: 2F 1-1: Foul Ball, location: 2F 1-2: Ball 2-2: Ground out 6-3 (Groundball, 56D, EV 102.5 MPH)
|
| Bottom of the 6th over - 3 runs, 3 hits, 0 errors, 0 left on base; Pittsburgh 1 - San Diego 3 |
| TOP OF THE 7TH |
|
Pittsburgh Pirates batting - Pitching for San Diego Padres : RHP Raymond Prince
|
|
Batting: LHB Robert Lopez
|
0-0: Foul Ball, location: 2F 0-1: Ball 1-1: Foul Ball, location: 2F 1-2: Fly out, F7 (Flyball, 7LS, EV 85.6 MPH)
|
|
Batting: LHB Greg Walker
|
0-0: Called Strike 0-1: Reached via error on a dropped throw from SS, E3 (Groundball, 6, EV 82.5 MPH)
|
|
Batting: RHB Mike C Brown
|
0-0: Called Strike 0-1: Swinging Strike 0-2: Ball 1-2: Strikes out swinging
|
|
Batting: SHB John Shelby
|
0-0: Swinging Strike 0-1: Ball 1-1: Foul Ball, location: 2F 1-2: Ball 2-2: Foul Ball, location: 2F 2-2: Strikes out swinging
|
| Top of the 7th over - 0 runs, 0 hits, 1 error, 1 left on base; Pittsburgh 1 - San Diego 3 |
| BOTTOM OF THE 7TH |
|
San Diego Padres batting - Pitching for Pittsburgh Pirates : RHP Rafael Santana
|
|
Batting: LHB Darrell Porter
|
0-0: Ball 1-0: Ball 2-0: Called Strike 2-1: Foul Ball, location: 2F 2-2: Foul Ball, location: 2F 2-2: Fly out, F7 (Flyball, 7S, EV 93.1 MPH)
|
|
Pitching: RHP Robert Alexander
|
|
|
Batting: LHB Jeffrey Zitek
|
0-0: SINGLE (Flyball, 34D, EV 93.8 MPH)
|
|
Batting: RHB Raymond Prince
|
0-0: Sac Bunt to 15 - play at first, batter OUT! 1-4 Jeffrey Zitek to second
|
|
Batting: RHB Bob Dernier
|
0-0: Ball 1-0: Foul Ball, location: 2F 1-1: Swinging Strike 1-2: Strikes out swinging
|
| Bottom of the 7th over - 0 runs, 1 hit, 0 errors, 1 left on base; Pittsburgh 1 - San Diego 3 |
| TOP OF THE 8TH |
|
Pittsburgh Pirates batting - Pitching for San Diego Padres : RHP Raymond Prince
|
|
Batting: SHB Ron Oester
|
0-0: Called Strike 0-1: Foul Ball, location: 2F 0-2: Ground out 4-3 (Groundball, 4, EV 100.0 MPH)
|
|
Pinch Hitting: LHB Terry Whitfield
|
0-0: Ground out 5-3 (Groundball, 56S, EV 83.8 MPH)
|
|
Batting: RHB Dan Gladden
|
0-0: Foul Ball, location: 2F 0-1: Ball 1-1: Ball 2-1: Foul Ball, location: 2F 2-2: Strikes out swinging
|
| Top of the 8th over - 0 runs, 0 hits, 0 errors, 0 left on base; Pittsburgh 1 - San Diego 3 |
| BOTTOM OF THE 8TH |
|
San Diego Padres batting - Pitching for Pittsburgh Pirates : RHP Robert Alexander
|
|
Pitching: RHP Mark Lemongello
|
|
|
Batting: RHB Joel Youngblood
|
0-0: Foul Ball, location: 2F 0-1: Ball 1-1: Ball 2-1: Fly out, F8 (Flyball, 8RM, EV 86.3 MPH)
|
|
Batting: RHB Dennis Dungy
|
0-0: Ball 1-0: Ball 2-0: Foul Ball, location: 2F 2-1: Ball 3-1: Swinging Strike 3-2: SINGLE (Line Drive, 3D, EV 99.4 MPH)
|
|
Batting: RHB Kelvin Moore
|
0-0: Called Strike Dennis Dungy steals 2nd base 0-1: Ball 1-1: Ball 2-1: Swinging Strike 2-2: Strikes out looking
|
|
Batting: LHB Jerry McDonald
|
0-0: Ball 1-0: Ball 2-0: Called Strike 2-1: Foul Ball, location: 2F 2-2: Foul Ball, location: 2F 2-2: Foul Ball, location: 2F 2-2: Ball 3-2: Base on Balls
|
|
Batting: RHB Heriberto Soltero
|
0-0: Foul Ball, location: 2F 0-1: Ball 1-1: Fly out, F9 (Flyball, 89XD, EV 89.4 MPH)
|
| Bottom of the 8th over - 0 runs, 1 hit, 0 errors, 2 left on base; Pittsburgh 1 - San Diego 3 |
| TOP OF THE 9TH |
|
Pittsburgh Pirates batting - Pitching for San Diego Padres : RHP Raymond Prince
|
|
Batting: SHB Chili Davis
|
0-0: Called Strike 0-1: Fly out, F7 (Flyball, 78M, EV 85.6 MPH)
|
|
Batting: RHB Rennie Stennett
|
0-0: Ball 1-0: Ground out 6-3 (Groundball, 6, EV 84.4 MPH)
|
|
Batting: LHB Robert Lopez
|
0-0: Ground out U3 (Groundball, 3L, EV 79.4 MPH)
|
| Top of the 9th over - 0 runs, 0 hits, 0 errors, 0 left on base; Pittsburgh 1 - San Diego 3 |
|